General information
			
			
        
        - name: BNet
 
        - type: Ladder team game (AT/RT)
 
        - host: Battle.net
 
        - saver: DIRTMCWORDUP
 
        
map: Mur'gulOasis 
        - players: 8
 
        - length: 25:46
 
        - speed: Fast
 - version: 1.22 W3XP
 - replay type:  

 
» download(290 KB)
Players
        team 1 (loser) 
              
              
confringo (
pink | 66 APM | 1692 actions | 25:38)
              
 3 Pandaren Brewmaster 
 2 Breath of Fire
 1 Drunken Haze
 
                » actions 
                
                | Assign group hotkey | 16 |  | 
| Basic commands | 2 |  | 
| Build / train | 41 |  | 
| Enter build submenu | 24 |  | 
| Enter hero's abilities submenu | 3 |  | 
| Remove unit from queue | 1 |  | 
| Right click | 682 |  | 
| Select / deselect | 333 |  | 
| Select group hotkey | 531 |  | 
| Use ability | 59 |  | 
                1692 total
 » units 
                » upgrades
                
                | Moon Armor | 1 |  | 
| Strength of the Moon | 1 |  | 
| Strength of the Wild | 1 |  | 
                3 total
 » buildings
                
                | Altar of Elders | 1 |  | 
| Moon Well | 7 |  | 
| Hunter's Hall | 1 |  | 
| Ancient of War | 5 |  | 
| Ancient Protector | 1 |  | 
| Tree of Ages | 1 |  | 
| Ancient of Wonders | 2 |  | 
| Tree of Eternity | 1 |  | 
| Ancient of Lore | 4 |  | 
                23 total
 » build order
                00:13 Altar of Elders
00:20 Moon Well
01:46 Hunter's Hall
02:14 Ancient of War
02:44 Moon Well
02:54 Ancient of War
03:03 Ancient Protector
05:01 Tree of Ages
05:16 Moon Well
10:56 Moon Well
11:52 Ancient of War
12:40 Moon Well
13:15 Ancient of War
13:35 Ancient of War
14:01 Ancient of Wonders
14:17 Tree of Eternity
14:21 Moon Well
15:43 Moon Well
16:39 Ancient of Lore
16:44 Ancient of Lore
19:09 Ancient of Lore
21:19 Ancient of Wonders
21:44 Ancient of Lore
» items
                 
               
              
              
julien_link (
blue | 114 APM | 2929 actions | 25:38)
              
 4 Tauren Chieftain 
 2 Shockwave
 2 Endurance Aura
 3 Pandaren Brewmaster 
 2 Breath of Fire
 1 Drunken Haze
 
                » actions 
                
                | Assign group hotkey | 44 |  | 
| Basic commands | 312 |  | 
| Build / train | 88 |  | 
| Enter build submenu | 17 |  | 
| Enter hero's abilities submenu | 7 |  | 
| Give item / drop item | 2 |  | 
| Remove unit from queue | 14 |  | 
| Right click | 598 |  | 
| Select / deselect | 409 |  | 
| Select group hotkey | 1286 |  | 
| Use ability | 152 |  | 
                2929 total
 » units 
                
                | Peon | 11 |  | 
| Grunt | 5 |  | 
| Raider | 5 |  | 
| Spirit Walker | 5 |  | 
| Troll Batrider | 15 |  | 
                41 total
 » upgrades
                
                | Ensnare | 1 |  | 
| Spirit Walker Training | 1 |  | 
| Pillage | 1 |  | 
| Reinforced Defenses | 1 |  | 
                4 total
 » buildings
                
                | Altar of Storms | 1 |  | 
| Orc Burrow | 7 |  | 
| Barracks | 1 |  | 
| Voodoo Lounge | 1 |  | 
| Stronghold | 1 |  | 
| Beastiary | 3 |  | 
| Spirit Lodge | 1 |  | 
| War Mill | 1 |  | 
| Fortress | 1 |  | 
| Watch Tower | 2 |  | 
                19 total
 » build order
                00:11 Altar of Storms
00:22 Orc Burrow
00:37 Barracks
01:33 Orc Burrow
02:01 Voodoo Lounge
03:00 Stronghold
03:47 Orc Burrow
05:02 Orc Burrow
05:23 Beastiary
05:25 Spirit Lodge
05:36 Beastiary
11:54 War Mill
13:03 Orc Burrow
13:05 Orc Burrow
13:37 Fortress
13:49 Orc Burrow
17:09 Beastiary
21:26 Watch Tower
22:38 Watch Tower
» items
                
                | Healing Salve | 2 |  | 
| Scroll of Speed | 1 |  | 
| Rod of Necromancy | 1 |  | 
| Scroll of Town Portal | 6 |  | 
| Scroll of Healing | 1 |  | 
| Lesser Clarity Potion | 1 |  | 
| Orb of Lightning | 1 |  | 
                13 total
  
               
              
              
The_Dark_Flame (
orange | 86 APM | 2216 actions | 25:45)
              
 3 Death Knight 
 2 Death Coil
 1 Unholy Aura
 2 Lich 
 1 Frost Nova
 1 Dark Ritual
 
                » actions 
                
                | Assign group hotkey | 33 |  | 
| Basic commands | 92 |  | 
| Build / train | 61 |  | 
| Enter build submenu | 18 |  | 
| Enter hero's abilities submenu | 5 |  | 
| Right click | 992 |  | 
| Select / deselect | 411 |  | 
| Select group hotkey | 518 |  | 
| Use ability | 86 |  | 
                2216 total
 » units 
                
                | Acolyte | 6 |  | 
| Ghoul | 5 |  | 
| Crypt Fiend | 6 |  | 
| Frost Wyrm | 10 |  | 
                27 total
 » upgrades
                
                | Creature Attack | 3 |  | 
| Burrow | 1 |  | 
| Web | 1 |  | 
| Freezing Breath | 1 |  | 
| Creature Carapace | 1 |  | 
| Ghoul Frenzy | 1 |  | 
                8 total
 » buildings
                
                | Graveyard | 1 |  | 
| Crypt | 1 |  | 
| Altar of Darkness | 1 |  | 
| Ziggurat | 8 |  | 
| Tomb of Relics | 1 |  | 
| Nerubian Tower | 1 |  | 
| Spirit Tower | 1 |  | 
| Halls of the Dead | 1 |  | 
| Black Citadel | 1 |  | 
| Sacrificial Pit | 1 |  | 
| Boneyard | 2 |  | 
                19 total
 » build order
                00:14 Graveyard
00:15 Crypt
00:44 Altar of Darkness
00:57 Ziggurat
01:53 Tomb of Relics
01:55 Ziggurat
02:23 Nerubian Tower
03:36 Spirit Tower
04:54 Ziggurat
05:31 Ziggurat
05:31 Ziggurat
07:14 Halls of the Dead
07:42 Ziggurat
07:43 Ziggurat
09:20 Ziggurat
09:37 Black Citadel
09:41 Sacrificial Pit
12:11 Boneyard
12:13 Boneyard
» items
                
                | Rod of Necromancy | 1 |  | 
| Scroll of Town Portal | 5 |  | 
| Potion of Healing | 1 |  | 
| Potion of Mana | 1 |  | 
| Healing Salve | 2 |  | 
| Lesser Clarity Potion | 2 |  | 
| Scroll of Speed | 3 |  | 
                15 total
  
               
              
              
volunjaka (
green | 147 APM | 3746 actions | 25:32)
              
 4 Death Knight 
 2 Death Coil
 2 Unholy Aura
 3 Lich 
 2 Frost Nova
 1 Frost Armor
 
                » actions 
                
                | Assign group hotkey | 37 |  | 
| Basic commands | 247 |  | 
| Build / train | 58 |  | 
| Enter build submenu | 14 |  | 
| Enter hero's abilities submenu | 8 |  | 
| Give item / drop item | 3 |  | 
| Right click | 1415 |  | 
| Select / deselect | 346 |  | 
| Select group hotkey | 1500 |  | 
| Use ability | 118 |  | 
                3746 total
 » units 
                
                | Acolyte | 2 |  | 
| Ghoul | 3 |  | 
| Crypt Fiend | 15 |  | 
| Obsidian Statue | 7 |  | 
                27 total
 » upgrades
                
                | Burrow | 1 |  | 
| Destroyer Form | 1 |  | 
| Web | 1 |  | 
| Creature Attack | 1 |  | 
                4 total
 » buildings
                
                | Crypt | 1 |  | 
| Ziggurat | 6 |  | 
| Altar of Darkness | 2 |  | 
| Graveyard | 1 |  | 
| Tomb of Relics | 1 |  | 
| Nerubian Tower | 1 |  | 
| Halls of the Dead | 1 |  | 
| Spirit Tower | 1 |  | 
| Slaughterhouse | 2 |  | 
| Black Citadel | 2 |  | 
                18 total
 » build order
                00:14 Crypt
00:18 Ziggurat
00:40 Altar of Darkness
00:44 Graveyard
00:58 Altar of Darkness
01:31 Tomb of Relics
02:43 Ziggurat
02:48 Nerubian Tower
04:12 Halls of the Dead
04:37 Ziggurat
04:56 Spirit Tower
06:39 Ziggurat
06:53 Slaughterhouse
07:05 Slaughterhouse
08:12 Black Citadel
09:52 Ziggurat
13:10 Ziggurat
» items
                
                | Rod of Necromancy | 1 |  | 
| Potion of Healing | 2 |  | 
| Scroll of Town Portal | 5 |  | 
| Potion of Lesser Invulnerability | 1 |  | 
                9 total
  
               team 2 (winner) 
              
              
» 
DIRTMCWORDUP (
yellow | 99 APM | 2548 actions | 25:46)
              
                » actions 
                
                | Assign group hotkey | 32 |  | 
| Basic commands | 90 |  | 
| Build / train | 36 |  | 
| ESC pressed | 3 |  | 
| Enter build submenu | 14 |  | 
| Right click | 1578 |  | 
| Select / deselect | 388 |  | 
| Select group hotkey | 368 |  | 
| Use ability | 39 |  | 
                2548 total
 » units 
                
                | Peasant | 5 |  | 
| Footman | 17 |  | 
| Rifleman | 7 |  | 
                29 total
 » upgrades
                
                | Defend | 1 |  | 
| Long Rifles | 1 |  | 
| Gunpowder | 1 |  | 
| Armor | 1 |  | 
| Plating | 1 |  | 
| Swords | 1 |  | 
                6 total
 » buildings
                
                | Barracks | 2 |  | 
| Farm | 9 |  | 
| Keep | 1 |  | 
| Blacksmith | 1 |  | 
| Arcane Vault | 1 |  | 
| Scout Tower | 1 |  | 
                15 total
 » build order
                00:16 Barracks
00:33 Barracks
00:48 Farm
01:27 Farm
01:31 Farm
02:07 Farm
03:32 Keep
05:20 Farm
05:20 Farm
06:40 Blacksmith
07:16 Arcane Vault
07:45 Farm
07:46 Farm
08:41 Farm
08:48 Scout Tower
 
               
              
              
FFA.SMERBECK (
teal | 65 APM | 1673 actions | 25:45)
              
 6 Goblin Tinker 
 3 Pocket Factory
 2 Engineering Upgrade
 1 Robo-Goblin
 
                » actions 
                
                | Assign group hotkey | 18 |  | 
| Basic commands | 112 |  | 
| Build / train | 68 |  | 
| ESC pressed | 1 |  | 
| Enter build submenu | 19 |  | 
| Enter hero's abilities submenu | 6 |  | 
| Give item / drop item | 4 |  | 
| Right click | 748 |  | 
| Select / deselect | 231 |  | 
| Select group hotkey | 393 |  | 
| Use ability | 73 |  | 
                1673 total
 » units 
                
                | Wisp | 14 |  | 
| Chimaera | 10 |  | 
| Hippogryph | 9 |  | 
                33 total
 » upgrades
                
                | Strength of the Wild | 3 |  | 
| Corrosive Breath | 1 |  | 
| Reinforced Hides | 1 |  | 
| Ultravision | 1 |  | 
                6 total
 » buildings
                
                | Altar of Elders | 1 |  | 
| Moon Well | 9 |  | 
| Hunter's Hall | 1 |  | 
| Tree of Ages | 2 |  | 
| Ancient of Wind | 1 |  | 
| Tree of Eternity | 2 |  | 
| Chimaera Roost | 2 |  | 
| Tree of Life | 1 |  | 
| Ancient Protector | 2 |  | 
                21 total
 » build order
                00:08 Altar of Elders
00:16 Moon Well
03:13 Moon Well
04:06 Hunter's Hall
05:24 Tree of Ages
07:35 Moon Well
09:15 Moon Well
09:17 Moon Well
09:21 Ancient of Wind
09:22 Tree of Eternity
09:47 Moon Well
10:22 Moon Well
11:28 Moon Well
11:29 Moon Well
11:49 Chimaera Roost
11:52 Chimaera Roost
23:27 Tree of Life
23:31 Ancient Protector
23:32 Ancient Protector
» items
                
                | Boots of Speed | 1 |  | 
| Staff of Teleportation | 1 |  | 
| Circlet of Nobility | 1 |  | 
| Scroll of Protection | 4 |  | 
| Scroll of Healing | 3 |  | 
| Periapt of Vitality | 1 |  | 
| Potion of Healing | 1 |  | 
| Lesser Clarity Potion | 1 |  | 
| Ivory Tower | 1 |  | 
| Orb of Corruption | 1 |  | 
| Scroll of Town Portal | 2 |  | 
                17 total
  
               
              
              
JohnnyDarko (
red | 255 APM | 6577 actions | 25:45)
              
 6 Death Knight 
 2 Unholy Aura
 3 Death Coil
 1 Animate Dead
 
                » actions 
                
                | Assign group hotkey | 15 |  | 
| Basic commands | 26 |  | 
| Build / train | 58 |  | 
| Enter build submenu | 17 |  | 
| Enter hero's abilities submenu | 7 |  | 
| Remove unit from queue | 1 |  | 
| Right click | 1982 |  | 
| Select / deselect | 738 |  | 
| Select group hotkey | 3693 |  | 
| Use ability | 40 |  | 
                6577 total
 » units 
                
                | Acolyte | 4 |  | 
| Ghoul | 5 |  | 
| Meatwagon | 4 |  | 
| Frost Wyrm | 11 |  | 
                24 total
 » upgrades
                
                | Unholy Strength | 2 |  | 
| Creature Attack | 1 |  | 
| Creature Carapace | 2 |  | 
| Freezing Breath | 1 |  | 
                6 total
 » buildings
                
                | Graveyard | 1 |  | 
| Crypt | 1 |  | 
| Altar of Darkness | 1 |  | 
| Ziggurat | 6 |  | 
| Halls of the Dead | 4 |  | 
| Slaughterhouse | 4 |  | 
| Spirit Tower | 1 |  | 
| Black Citadel | 1 |  | 
| Sacrificial Pit | 1 |  | 
| Boneyard | 2 |  | 
                22 total
 » build order
                00:05 Graveyard
00:08 Crypt
00:28 Altar of Darkness
00:45 Ziggurat
01:47 Halls of the Dead
01:47 Halls of the Dead
01:47 Halls of the Dead
02:08 Ziggurat
02:31 Ziggurat
04:08 Slaughterhouse
04:09 Slaughterhouse
04:10 Slaughterhouse
04:12 Slaughterhouse
04:40 Ziggurat
05:08 Ziggurat
06:03 Spirit Tower
06:37 Black Citadel
09:10 Sacrificial Pit
10:12 Boneyard
10:13 Boneyard
13:44 Ziggurat
» items
                
                | Scroll of Town Portal | 5 |  | 
| Scroll of Healing | 1 |  | 
| Potion of Healing | 2 |  | 
| Orb of Corruption | 1 |  | 
                9 total
  
               
              
              
YEAHSHESASSBATS (
purple | 112 APM | 2888 actions | 25:45)
              
 6 Death Knight 
 3 Death Coil
 3 Unholy Aura
 5 Lich 
 3 Frost Nova
 2 Dark Ritual
 
                » actions 
                
                | Assign group hotkey | 27 |  | 
| Basic commands | 279 |  | 
| Build / train | 63 |  | 
| ESC pressed | 1 |  | 
| Enter build submenu | 17 |  | 
| Enter hero's abilities submenu | 11 |  | 
| Give item / drop item | 3 |  | 
| Right click | 1174 |  | 
| Select / deselect | 640 |  | 
| Select group hotkey | 557 |  | 
| Use ability | 116 |  | 
                2888 total
 » units 
                
                | Acolyte | 14 |  | 
| Ghoul | 1 |  | 
| Crypt Fiend | 11 |  | 
| Frost Wyrm | 9 |  | 
                35 total
 » upgrades
                » buildings
                
                | Crypt | 1 |  | 
| Graveyard | 1 |  | 
| Altar of Darkness | 1 |  | 
| Ziggurat | 6 |  | 
| Tomb of Relics | 2 |  | 
| Halls of the Dead | 2 |  | 
| Black Citadel | 2 |  | 
| Sacrificial Pit | 1 |  | 
| Boneyard | 2 |  | 
                18 total
 » build order
                00:04 Crypt
00:17 Graveyard
00:41 Altar of Darkness
00:57 Ziggurat
01:22 Tomb of Relics
02:07 Ziggurat
04:14 Halls of the Dead
04:14 Halls of the Dead
05:20 Ziggurat
06:35 Black Citadel
07:30 Sacrificial Pit
09:22 Boneyard
09:57 Boneyard
10:20 Ziggurat
10:21 Ziggurat
12:02 Tomb of Relics
23:24 Ziggurat
» items
                
                | Rod of Necromancy | 1 |  | 
| Scroll of Town Portal | 4 |  | 
| Potion of Healing | 2 |  | 
| Potion of Mana | 1 |  | 
                8 total
  
                Chat log
          (00:06 / Allies) JohnnyDarko: sigh..
(00:10 / Allies) DIRTMCWORDUP: you should hit me up some itme on aim if you want to play,
(00:11 / Allies) JohnnyDarko: of all the maps
(00:12 / Allies) JohnnyDarko: why this one
(00:20 / Allies) JohnnyDarko: cant wagon here
(00:23 / Allies) DIRTMCWORDUP: ill fast build a hall
(00:24 / Allies) DIRTMCWORDUP: and you tp
(00:24 / Allies) JohnnyDarko: going cl-fiends-banshees-wyrms
(00:25 / Allies) YEAHSHESASSBATS: yes u can
(00:26 / Allies) FFA.SMERBECK: jaws
(00:26 / Allies) YEAHSHESASSBATS: they suck'
(00:30 / Allies) FFA.SMERBECK: your getting HARDCORE FED
(00:30 / Allies) JohnnyDarko: u sure?
(00:33 / Allies) YEAHSHESASSBATS: yes
(00:35 / Allies) JohnnyDarko: LOL
(00:35 / Allies) JohnnyDarko: OK
(00:36 / Allies) YEAHSHESASSBATS: ill back u up
(00:40 / Allies) YEAHSHESASSBATS: with fiends
(00:40 / Allies) DIRTMCWORDUP: shit
(00:42 / Allies) DIRTMCWORDUP: i made 2 rax
(00:43 / Allies) YEAHSHESASSBATS: christ
(00:44 / Allies) DIRTMCWORDUP: instead of altar
(00:51 / Allies) YEAHSHESASSBATS: no pressure jaws
(00:51 / Allies) DIRTMCWORDUP: rolling without a hero this game
(00:54 / Allies) JohnnyDarko: U WANT WOOD?
(00:55 / Allies) YEAHSHESASSBATS: 0% pressure
(01:04 / Allies) JohnnyDarko: U WANT WOOD?
(01:33 / Allies) JohnnyDarko: GOING DK THEN
(01:40 / Allies) JohnnyDarko: AURA FIRST LAWL
(01:57 / Allies) DIRTMCWORDUP: yo johnny darko lets rocko
(02:18 / Allies) JohnnyDarko: HEY
(02:20 / Allies) JohnnyDarko: KODOS FORSAKEN?
(02:22 / Allies) JohnnyDarko: HE'S A FUCKING FAGGOT
(02:29 / Allies) DIRTMCWORDUP: i think we can arrange something
(02:56 / Allies) JohnnyDarko: SHALL I GO AURA OR COIL HHM
(03:50 / All) YEAHSHESASSBATS: lol green
(03:51 / All) YEAHSHESASSBATS: !!
(03:52 / All) YEAHSHESASSBATS: :D
(03:57 / All) The_Dark_Flame: he's on phone
(04:00 / All) YEAHSHESASSBATS: uh huh
(04:18 / All) JohnnyDarko: OH DEAR
(04:20 / All) JohnnyDarko: OH DEARETH
(04:24 / All) JohnnyDarko: CATCH ME FAGGOT
(04:26 / All) JohnnyDarko: OH THATS RIGHT U CANT
(04:27 / All) JohnnyDarko: GG NO RE
(04:34 / Allies) JohnnyDarko: giong
(04:36 / Allies) JohnnyDarko: though cant really help
(05:39 / Allies) JohnnyDarko: :D
(05:47 / Allies) FFA.SMERBECK: go to wyrms
(05:49 / Allies) DIRTMCWORDUP: hit please
(05:50 / Allies) DIRTMCWORDUP: they all here
(05:50 / Allies) JohnnyDarko: k
(05:51 / Allies) FFA.SMERBECK: a!!!
(06:30 / Allies) FFA.SMERBECK: jawss
(06:35 / Allies) JohnnyDarko: GOIGN soon
(06:39 / Allies) JohnnyDarko: goign tier 3
(06:39 / Allies) JohnnyDarko: k
(07:53 / Allies) JohnnyDarko: gonna make him tp
(08:00 / Allies) JohnnyDarko: or at elast leave
(08:01 / Allies) JohnnyDarko: kk?
(08:11 / Allies) FFA.SMERBECK: kk
(09:02 / Allies) DIRTMCWORDUP: somebody heal me please
(09:33 / Allies) JohnnyDarko: fucking panda
(09:34 / Allies) DIRTMCWORDUP: yo heal me
(09:35 / Allies) JohnnyDarko: worst hero
(10:43 / Allies) JohnnyDarko: fast
(11:55 / Allies) JohnnyDarko: goi back
(11:57 / Allies) JohnnyDarko: OJ just left
(12:10 / Allies) DIRTMCWORDUP: ahhhhhhhhhhhhhhhhhhh let me get my army out
(13:28 / Allies) FFA.SMERBECK: get rady
(13:29 / Allies) FFA.SMERBECK: to get out
(13:32 / Allies) FFA.SMERBECK: he has ensnare
(14:14 / Allies) YEAHSHESASSBATS: not yet
(14:27 / Allies) JohnnyDarko: watch out
(14:28 / Allies) JohnnyDarko: nm
(15:06 / Allies) FFA.SMERBECK: coil
(16:47 / Allies) YEAHSHESASSBATS: lich
(17:05 / Allies) JohnnyDarko: go?
(17:27 / Allies) YEAHSHESASSBATS: expoi9ng
(18:20 / Allies) JohnnyDarko: lores
(18:36 / All) volunjaka: go
(18:55 / Allies) JohnnyDarko: im out
(18:57 / Allies) FFA.SMERBECK: out
(19:20 / Allies) JohnnyDarko: oops
(20:07 / Allies) FFA.SMERBECK: care
(20:08 / Allies) FFA.SMERBECK: jaws
(20:08 / Allies) FFA.SMERBECK: aerw
(20:12 / Allies) FFA.SMERBECK: we can fifght them
(20:33 / Allies) YEAHSHESASSBATS: ghouls
(20:36 / Allies) JohnnyDarko: im out
(20:54 / Allies) JohnnyDarko: getting his expo
(20:56 / Allies) JohnnyDarko: at ur base
(21:24 / Allies) FFA.SMERBECK: lets
(21:26 / Allies) FFA.SMERBECK: jaws
(21:29 / Allies) FFA.SMERBECK: i dunno
(21:30 / Allies) JohnnyDarko: pink?
(21:30 / Allies) FFA.SMERBECK: what do we do
(21:33 / Allies) FFA.SMERBECK: sure
(21:34 / Allies) FFA.SMERBECK: together
(21:34 / Allies) FFA.SMERBECK: now
(21:44 / All) JohnnyDarko: are u lost orange?
(21:45 / All) JohnnyDarko: dont know waht to do?
(21:46 / Allies) DIRTMCWORDUP: 3-0 wyrms
(22:36 / Allies) YEAHSHESASSBATS: hall
(22:51 / All) YEAHSHESASSBATS: lol
(22:57 / All) FFA.SMERBECK: losing your team the game idiot
(23:08 / Allies) JohnnyDarko: ojh dear
(23:08 / Allies) JohnnyDarko: tp?
(23:14 / Allies) JohnnyDarko: tp here
(23:16 / Allies) JohnnyDarko: once they get here
(23:19 / Allies) FFA.SMERBECK: yeah
(23:41 / Allies) YEAHSHESASSBATS: hall
(23:42 / Allies) YEAHSHESASSBATS: hall
(24:24 / Allies) JohnnyDarko: if u want to tp
(24:25 / Allies) JohnnyDarko: tell
(24:29 / Allies) FFA.SMERBECK: we fight at me
(24:32 / Allies) JohnnyDarko: ok
(24:40 / Allies) FFA.SMERBECK: hall
(24:46 / Allies) FFA.SMERBECK: wait
(24:48 / Allies) JohnnyDarko: tp?
(24:48 / Allies) FFA.SMERBECK: hall ud
(24:50 / Allies) FFA.SMERBECK: then fight
(25:01 / Allies) FFA.SMERBECK: TP
(25:41 / All) FFA.SMERBECK: orange how doe sit feel